[ AOE2 MATCH · #505851801 ]
UnrankedSlavs vs Franks
Player's team · LOSS
Rival team · WIN
[ REPLAY ANALYSIS · EXTRACTED FROM THE RECORDED GAME ]
Feudal
8:51
Castle
25:50
Imperial
—
| APM avg | 73.5 |
| APM peak | 124 |
| eAPM avg | 33.4 |
| Villagers / military | 66 / 52 |
Focus
⚔️ 58.6% · 🌾 41.4%
Scout Cavalry ×36 · Knight ×14 · Spearman ×2
Feudal
8:51
Castle
17:33
Imperial
—
| APM avg | 94.0 |
| APM peak | 123 |
| eAPM avg | 40.3 |
| Villagers / military | 91 / 45 |
Focus
⚔️ 44.6% · 🌾 55.4%
Cavalry Archer ×28 · Spearman ×9 · Mangonel ×4 · Scout Cavalry ×3 · Knight ×1
Match map
Initial resources + every placement click. Lines = walls · curves = elevation contours. ◆ gold · ⬟ stone · ● berries · ✦ relic · ◌ wall gap
Your base· ✓ Closed at 25:50 · 47t walls · 1 gate(s)
VIT Liereyy's base· ✓ Closed at 17:33 · 34t walls · no gate
Smoothed initial terrain · ◌ = detected wall gap · hover for details
Inputs per minute
— Dennis哥 - - VIT Liereyy
Build order — Dennis哥
First 150 of 223 actions detected
| 0:00 | Create | Villager (Male) ×4 |
| 0:01 | Build | House |
| 0:02 | Build | House |
| 1:25 | Create | Villager (Male) |
| 1:25 | Create | Villager (Male) |
| 1:44 | Build | Lumber Camp |
| 1:48 | Create | Villager (Male) |
| 2:19 | Create | Villager (Male) |
| 2:19 | Create | Villager (Male) |
| 2:54 | Create | Villager (Male) |
| 2:54 | Create | Villager (Male) |
| 2:54 | Create | Villager (Male) |
| 3:29 | Create | Villager (Male) |
| 3:59 | Build | House |
| 4:02 | Create | Villager (Male) |
| 4:19 | Build | Mill |
| 4:27 | Create | Villager (Male) |
| 4:42 | Create | Villager (Male) |
| 4:42 | Create | Villager (Male) |
| 5:07 | Create | Villager (Male) |
| 5:07 | Research | Loom |
| 6:36 | Research | Feudal Age |
| 6:45 | Build | Lumber Camp |
| 7:28 | Build | Barracks |
| 7:43 | Create | Villager (Male) |
| 8:51 | Age | Feudal Age |
| 8:51 | Build | Stable |
| 8:53 | Create | Spearman |
| 9:00 | Research | Double-Bit Axe |
| 9:13 | Create | Villager (Male) |
| 9:21 | Build | Palisade Wall |
| 9:31 | Create | Villager (Male) |
| 9:36 | Build | House |
| 9:37 | Create | Scout Cavalry |
| 9:50 | Create | Spearman |
| 10:02 | Create | Villager (Male) |
| 10:09 | Build | Farm |
| 10:10 | Build | Farm |
| 10:13 | Create | Scout Cavalry |
| 10:19 | Build | Palisade Wall |
| 10:21 | Build | Palisade Wall |
| 10:21 | Build | Palisade Wall |
| 10:24 | Build | Palisade Wall |
| 10:25 | Build | Palisade Wall |
| 10:31 | Create | Villager (Male) |
| 10:32 | Build | Farm |
| 10:36 | Build | Farm |
| 10:50 | Build | Palisade Wall |
| 10:54 | Create | Villager (Male) |
| 10:58 | Build | Farm |
| 11:04 | Create | Scout Cavalry |
| 11:22 | Create | Villager (Male) |
| 11:25 | Build | Farm |
| 11:27 | Build | Farm |
| 11:30 | Create | Scout Cavalry |
| 11:43 | Build | Palisade Wall |
| 11:50 | Create | Villager (Male) |
| 11:51 | Create | Scout Cavalry |
| 12:19 | Create | Villager (Male) |
| 12:21 | Build | Stable |
| 12:29 | Create | Villager (Male) |
| 12:34 | Create | Villager (Male) |
| 12:41 | Create | Scout Cavalry |
| 12:46 | Build | House |
| 12:52 | Create | Scout Cavalry |
| 12:57 | Build | Farm |
| 13:04 | Build | Palisade Gate |
| 13:05 | Build | House |
| 13:09 | Create | Villager (Male) |
| 13:17 | Create | Scout Cavalry |
| 13:20 | Build | Palisade Wall |
| 13:22 | Build | Palisade Wall |
| 13:26 | Build | Farm |
| 13:44 | Create | Villager (Male) |
| 13:45 | Build | Farm |
| 13:47 | Create | Scout Cavalry |
| 14:02 | Build | Farm |
| 14:09 | Build | Palisade Wall |
| 14:11 | Create | Scout Cavalry |
| 14:23 | Create | Villager (Male) |
| 14:24 | Build | Farm |
| 14:32 | Build | Mining Camp |
| 14:38 | Create | Villager (Male) |
| 14:51 | Build | Farm |
| 14:56 | Create | Villager (Male) |
| 14:58 | Create | Scout Cavalry |
| 15:05 | Create | Villager (Male) |
| 15:07 | Build | House |
| 15:14 | Build | Palisade Wall |
| 15:21 | Create | Villager (Male) |
| 15:26 | Create | Scout Cavalry |
| 15:50 | Build | Watch Tower |
| 15:55 | Create | Villager (Male) |
| 15:57 | Build | Mining Camp |
| 16:07 | Create | Scout Cavalry |
| 16:16 | Create | Scout Cavalry |
| 16:29 | Create | Scout Cavalry |
| 16:32 | Build | Blacksmith |
| 16:33 | Build | House |
| 16:39 | Research | Bloodlines |
| 16:39 | Research | Bloodlines |
| 16:43 | Build | Farm |
| 16:49 | Create | Scout Cavalry |
| 16:56 | Create | Villager (Male) |
| 17:15 | Create | Scout Cavalry |
| 17:17 | Create | Villager (Male) |
| 17:19 | Build | Palisade Wall |
| 17:25 | Build | Farm |
| 17:41 | Build | Watch Tower |
| 17:48 | Create | Scout Cavalry |
| 17:48 | Create | Scout Cavalry |
| 17:50 | Create | Villager (Male) |
| 17:51 | Build | Farm |
| 17:58 | Research | Scale Barding Armor |
| 17:58 | Research | Scale Barding Armor |
| 18:04 | Build | House |
| 18:04 | Build | House |
| 18:22 | Create | Villager (Male) |
| 18:34 | Research | Forging |
| 18:34 | Research | Forging |
| 18:36 | Build | Farm |
| 18:36 | Build | Farm |
| 18:37 | Build | Farm |
| 18:51 | Create | Villager (Male) |
| 18:59 | Build | Farm |
| 19:10 | Build | Watch Tower |
| 19:14 | Create | Scout Cavalry |
| 19:17 | Build | Farm |
| 19:18 | Create | Villager (Male) |
| 19:39 | Create | Villager (Male) |
| 19:39 | Create | Villager (Male) |
| 19:44 | Build | House |
| 19:54 | Build | Farm |
| 19:55 | Build | Farm |
| 20:01 | Create | Villager (Male) |
| 20:08 | Create | Scout Cavalry |
| 20:09 | Create | Scout Cavalry |
| 20:14 | Build | Farm |
| 20:23 | Create | Villager (Male) |
| 20:35 | Create | Scout Cavalry |
| 20:41 | Build | Farm |
| 21:00 | Create | Villager (Male) |
| 21:04 | Build | Market |
| 21:15 | Create | Scout Cavalry |
| 21:22 | Build | Farm |
| 21:24 | Build | Farm |
| 21:41 | Create | Villager (Male) |
| 21:59 | Create | Scout Cavalry |
| 21:59 | Create | Scout Cavalry |
| 22:05 | Create | Villager (Male) |
Build order — VIT Liereyy
First 150 of 249 actions detected
| 0:00 | Create | Villager (Male) |
| 0:01 | Build | House |
| 0:02 | Build | House |
| 0:03 | Build | House |
| 0:09 | Create | Villager (Male) |
| 0:09 | Create | Villager (Male) |
| 0:14 | Create | Villager (Male) |
| 0:14 | Create | Villager (Male) |
| 1:30 | Create | Villager (Male) |
| 1:52 | Create | Villager (Male) |
| 1:52 | Create | Villager (Male) |
| 1:54 | Build | Lumber Camp |
| 2:15 | Create | Villager (Male) |
| 2:15 | Create | Villager (Male) |
| 2:52 | Create | Villager (Male) |
| 3:00 | Create | Villager (Male) |
| 3:01 | Create | Villager (Male) |
| 3:16 | Create | Villager (Male) |
| 3:16 | Create | Villager (Male) |
| 3:50 | Build | House |
| 3:51 | Build | House |
| 4:03 | Create | Villager (Male) |
| 4:22 | Create | Villager (Male) |
| 4:22 | Create | Villager (Male) |
| 4:26 | Build | Palisade Wall |
| 4:26 | Build | Palisade Wall |
| 4:35 | Build | Mill |
| 5:10 | Create | Villager (Male) |
| 5:10 | Create | Villager (Male) |
| 5:22 | Create | Villager (Male) |
| 5:22 | Create | Villager (Male) |
| 6:09 | Research | Loom |
| 6:10 | Research | Loom |
| 6:41 | Research | Feudal Age |
| 6:42 | Research | Feudal Age |
| 7:34 | Create | Villager (Male) |
| 7:47 | Build | Barracks |
| 8:21 | Build | House |
| 8:51 | Age | Feudal Age |
| 8:55 | Build | Stable |
| 8:59 | Research | Double-Bit Axe |
| 9:03 | Create | Villager (Male) |
| 9:14 | Create | Villager (Male) |
| 9:22 | Build | Farm |
| 9:36 | Build | Palisade Wall |
| 9:40 | Build | Farm |
| 9:41 | Create | Villager (Male) |
| 9:47 | Create | Scout Cavalry |
| 9:47 | Create | Scout Cavalry |
| 9:52 | Create | Spearman |
| 10:00 | Build | House |
| 10:07 | Build | House |
| 10:12 | Create | Villager (Male) |
| 10:16 | Build | Farm |
| 10:22 | Create | Scout Cavalry |
| 10:37 | Build | Palisade Wall |
| 10:41 | Create | Villager (Male) |
| 10:47 | Build | Farm |
| 11:07 | Build | Farm |
| 11:07 | Create | Villager (Male) |
| 11:30 | Build | Palisade Wall |
| 11:31 | Create | Villager (Male) |
| 11:40 | Build | House |
| 11:50 | Build | Farm |
| 11:55 | Create | Villager (Male) |
| 12:04 | Build | Palisade Wall |
| 12:19 | Build | House |
| 12:20 | Create | Villager (Male) |
| 12:24 | Build | Mining Camp |
| 12:41 | Create | Spearman |
| 12:42 | Build | Palisade Wall |
| 12:53 | Create | Villager (Male) |
| 13:08 | Build | Palisade Wall |
| 13:12 | Create | Villager (Male) |
| 13:13 | Build | House |
| 13:43 | Create | Spearman |
| 13:45 | Build | Palisade Wall |
| 13:46 | Build | Blacksmith |
| 13:48 | Build | Palisade Wall |
| 13:49 | Build | Palisade Wall |
| 13:51 | Create | Villager (Male) |
| 13:54 | Research | Gold Mining |
| 13:54 | Research | Gold Mining |
| 14:08 | Create | Villager (Male) |
| 14:21 | Create | Spearman |
| 14:29 | Build | Farm |
| 14:43 | Build | Farm |
| 14:53 | Research | Castle Age |
| 14:53 | Research | Castle Age |
| 14:53 | Research | Castle Age |
| 14:59 | Create | Spearman |
| 15:07 | Build | Farm |
| 15:17 | Create | Spearman |
| 15:18 | Create | Spearman |
| 15:46 | Create | Spearman |
| 15:58 | Build | Archery Range |
| 16:08 | Create | Villager (Male) |
| 16:19 | Create | Spearman |
| 17:20 | Build | Farm |
| 17:21 | Build | Farm |
| 17:25 | Build | Palisade Wall |
| 17:33 | Age | Castle Age |
| 17:33 | Build | Town Center |
| 17:34 | Create | Cavalry Archer |
| 17:35 | Create | Knight |
| 17:39 | Build | Palisade Gate |
| 17:41 | Create | Villager (Male) |
| 17:50 | Create | Cavalry Archer |
| 17:53 | Create | Villager (Male) |
| 18:19 | Create | Villager (Male) |
| 18:21 | Build | Siege Workshop |
| 18:28 | Create | Villager (Male) |
| 18:28 | Create | Villager (Male) |
| 18:32 | Research | Fletching |
| 18:33 | Create | Cavalry Archer |
| 18:40 | Create | Villager (Male) |
| 18:43 | Build | Farm |
| 19:16 | Create | Villager (Male) |
| 19:16 | Create | Villager (Male) |
| 19:18 | Create | Mangonel |
| 19:19 | Create | Mangonel |
| 19:37 | Create | Villager (Male) |
| 19:39 | Create | Cavalry Archer |
| 19:49 | Build | Palisade Wall |
| 19:55 | Build | House |
| 19:55 | Create | Villager (Male) |
| 19:56 | Create | Cavalry Archer |
| 20:07 | Create | Villager (Male) |
| 20:17 | Build | Palisade Wall |
| 20:18 | Build | Palisade Wall |
| 20:26 | Build | House |
| 20:28 | Build | Farm |
| 20:34 | Create | Mangonel |
| 20:34 | Create | Mangonel |
| 20:37 | Create | Villager (Male) |
| 20:39 | Build | Farm |
| 20:40 | Create | Villager (Male) |
| 20:41 | Build | House |
| 21:08 | Build | Farm |
| 21:15 | Build | Farm |
| 21:20 | Create | Villager (Male) |
| 21:40 | Create | Villager (Male) |
| 21:43 | Create | Villager (Male) |
| 21:43 | Create | Villager (Male) |
| 21:50 | Build | Farm |
| 21:51 | Build | Farm |
| 21:54 | Create | Cavalry Archer |
| 21:56 | Create | Villager (Male) |
| 22:15 | Create | Cavalry Archer |
| 22:20 | Create | Villager (Male) |
Match timeline
| 4:26 | VIT Liereyy · wall_segment Palisade Wall x1 |
| 4:26 | VIT Liereyy · wall_segment Palisade Wall x1 |
| 7:28 | Dennis哥 · first_building Barracks |
| 7:47 | VIT Liereyy · first_building Barracks |
| 8:51 | Dennis哥 · age_up feudal |
| 8:51 | Dennis哥 · first_building Stable |
| 8:51 | VIT Liereyy · age_up feudal |
| 8:55 | VIT Liereyy · first_building Stable |
| 9:21 | Dennis哥 · wall_segment Palisade Wall x10 |
| 9:36 | VIT Liereyy · wall_segment Palisade Wall x5 |
| 10:19 | Dennis哥 · wall_segment Palisade Wall x1 |
| 10:21 | Dennis哥 · wall_segment Palisade Wall x1 |
| 10:21 | Dennis哥 · wall_segment Palisade Wall x1 |
| 10:24 | Dennis哥 · wall_segment Palisade Wall x1 |
| 10:25 | Dennis哥 · wall_segment Palisade Wall x1 |
| 10:37 | VIT Liereyy · wall_segment Palisade Wall x10 |
| 10:50 | Dennis哥 · wall_segment Palisade Wall x9 |
| 11:30 | VIT Liereyy · wall_segment Palisade Wall x4 |
| 11:43 | Dennis哥 · wall_segment Palisade Wall x8 |
| 12:04 | VIT Liereyy · wall_segment Palisade Wall x1 |
| 12:42 | VIT Liereyy · wall_segment Palisade Wall x3 |
| 13:08 | VIT Liereyy · wall_segment Palisade Wall x4 |
| 13:20 | Dennis哥 · wall_segment Palisade Wall x2 |
| 13:22 | Dennis哥 · wall_segment Palisade Wall x8 |
| 13:45 | VIT Liereyy · wall_segment Palisade Wall x1 |
| 13:48 | VIT Liereyy · wall_segment Palisade Wall x1 |
| 13:49 | VIT Liereyy · wall_segment Palisade Wall x1 |
| 14:09 | Dennis哥 · wall_segment Palisade Wall x5 |
| 15:14 | Dennis哥 · wall_segment Palisade Wall x1 |
| 15:58 | VIT Liereyy · first_building Archery Range |
| 17:19 | Dennis哥 · wall_segment Palisade Wall x1 |
| 17:25 | VIT Liereyy · wall_segment Palisade Wall x3 |
| 17:33 | VIT Liereyy · age_up castle |
| 18:21 | VIT Liereyy · first_building Siege Workshop |
| 19:49 | VIT Liereyy · wall_segment Palisade Wall x1 |
| 20:17 | VIT Liereyy · wall_segment Palisade Wall x1 |
| 20:18 | VIT Liereyy · wall_segment Palisade Wall x1 |
| 22:54 | Dennis哥 · first_market_buy 100 food |
| 22:55 | Dennis哥 · first_market_sell 100 stone |
| 24:27 | VIT Liereyy · wall_segment Palisade Wall x1 |
| 25:50 | Dennis哥 · age_up castle |
| 28:48 | VIT Liereyy · first_building Monastery |
| 29:25 | Dennis哥 · resign |
[ AI ANALYSIS · 1 CREDIT ]
What really happened in this match?
Wolo.gg analyzes every decision: build order, eco, micro, common mistakes by bracket. Personalized analysis on WhatsApp or Discord in 30 seconds.
Civ guide
Slavs
Perfil
Jugador #2912198